Unix NetHack Version 5.0.0-0 post-release - last build May 23 2026 06:08:33 (1c0ff79ee797540d5714e4e18072db0edd9e58ae,branch:main).

Game began 2026-05-27 04:50:19, ended 2026-05-27 05:34:58.

CyberFan, neutral male human Monk

                          -----            -------
                          |...------     --|.....|
                          |........|     |.+.....|
                          |..0....%|     |-|.....|--
                          -------.----   |.+.....+.|
                           |.0.0.@.0.--  |-|.....|.|
                           |.....0m...|  |.+.....|.|
                           |....0/0...|  --|.....|.|
                          -----.--------   ------|.|
                          |..0.........|         |.|
                          |............|         |.|
                          --------.----|         |.|
                           |0.0.0...0.0|         |.|
                           |...........|         |.|
                          -------.------         |.|
                          |.......----------------.|
                          |>......^....^^^^^^^^%^^.|
                          --------------------------
CyberFan the Initiate           St:17 Dx:17 Co:15 In:10 Wi:10 Ch:9  Neutral
Dlvl:3  $:224 HP:0(45) Pw:31(31) AC:1  Xp:7/863 T:4219 

Latest messages:
 What do you want to zap? [jktHX or ?*]
 In what direction?
 The magic missile hits it!
 The magic missile whizzes by you!
 What do you want to zap? [jktHX or ?*]
 In what direction?
 The magic missile hits it.
 You hear a sound reminiscent of a seal barking.
 What do you want to zap? [jktHX or ?*]
 In what direction?
 The magic missile hits it!
 You hit the giant mimic!
 You kill the giant mimic!
 Welcome to experience level 7.
 You feel sensitive!
 With great effort you move the boulder.
 You miss the killer bee.
 The killer bee misses!
 You kill the killer bee!
 With great effort you move the boulder.
 The killer bee stings!
 The killer bee stings!
 The killer bee misses!
 You kill the killer bee!
 The killer bee stings!
 You kill the killer bee!
 The boulder suddenly rolls away from you!
 You hear a boulder fall.
 You feel tough!
 You must have been leading a healthy life-style.
 You kill the killer bee!
 You hit the violet fungus!
 You kill the violet fungus!
 With great effort you move the boulder.
 With great effort you move the boulder.
 With great effort you move the boulder.
 The boulder suddenly rolls away from you!
 You hear a boulder fall.
 That boulder is a giant mimic!
 You hit the giant mimic!
 You hit the giant mimic!
 You hit the giant mimic!
 You hit the giant mimic!
 You hit the giant mimic!
 The giant mimic hits!
 The giant mimic hits again!
 You cannot escape from the giant mimic!
 The giant mimic hits!
 The giant mimic hits again!
 You die...

Inventory:
 Coins    ('$')
  $ - 224 gold pieces
 Weapons  (')')
  K - the uncursed rustproof +0 Ogresmasher
 Armor    ('[')
  C - an uncursed +0 orcish helm (being worn)
  a - an uncursed +2 pair of leather gloves (being worn)
  q - an uncursed +0 pair of high boots (being worn)
  b - an uncursed +1 robe (being worn)
 Comestibles  ('%')
  f - 5 uncursed apples
  l - 2 uncursed cream pies
  e - 9 uncursed food rations
  h - 4 uncursed fortune cookies
  v - an uncursed lembas wafer
  Y - 2 uncursed melons
  g - 6 uncursed oranges
  s - 2 uncursed pancakes
  z - 2 uncursed sprigs of wolfsbane
  O - a cursed rotten tin of gnomish wizard meat
  S - an uncursed egg
 Scrolls  ('?')
  c - an uncursed scroll of destroy armor
  F - a cursed scroll of fire
  m - an uncursed scroll of gold detection
 Spellbooks  ('+')
  G - an uncursed spellbook of extra healing
 Potions  ('!')
  M - a blessed potion of gain ability
  V - an uncursed potion of gain energy
  d - 6 uncursed potions of healing
  B - a cursed potion of healing
  J - an uncursed potion of levitation
  Q - an uncursed potion of sickness
  r - an uncursed potion of water
  L - a potion of unholy water
 Rings    ('=')
  x - an uncursed ring of conflict
  R - a blessed +3 ring of gain constitution
  i - an uncursed ring of polymorph control
  T - an uncursed ring of protection from shape changers
  Z - an uncursed ring of slow digestion
  y - an uncursed ring of teleport control
 Wands    ('/')
  k - an uncursed wand of cold (0:4)
  X - an uncursed wand of create monster (0:12)
  j - an uncursed wand of fire (0:7)
  t - an uncursed wand of fire (0:4)
  H - an uncursed wand of magic missile (0:1)
 Tools    ('(')
  A - an uncursed blindfold
  p - an uncursed magic whistle
  o - an uncursed skeleton key
  u - an uncursed +0 unicorn horn
  W - an uncursed +0 unicorn horn
 Gems/Stones  ('*')
  D - an uncursed worthless piece of green glass
  N - an uncursed worthless piece of white glass
  P - 2 uncursed worthless pieces of yellow glass
  E - an uncursed worthless piece of yellowish brown glass

CyberFan the Monk's attributes:

Background:
 You were an Initiate, a level 7 male human Monk.
 You were neutral, on a mission for Chih Sung-tzu
 who was opposed by Shan Lai Ching (lawful) and Huan Ti (chaotic).
 You were right-handed.
 You were in Sokoban, on level 3.
 You entered the dungeon 4219 turns ago.
 It was nighttime.
 You had 863 experience points, 417 more were needed to attain level 8.

Basics:
 You had 0 out of 45 hit points.
 You had all 31 energy points (spell power).
 Your armor class was 1.
 Your wallet contained 224 zorkmids.
 Autopickup was on for '$%?!"=/*' plus thrown, with exceptions.

Final Characteristics:
 Your strength was 17 (limit:18/100).
 Your dexterity was 17 (limit:18).
 Your constitution was 15 (limit:18).
 Your intelligence was 10 (limit:18).
 Your wisdom was 10 (limit:18).
 Your charisma was 9 (limit:18).

Final Status:
 You were held by a giant mimic (southeast).
 You weren't hungry.
 You were unencumbered.
 You were empty handed.
 You were skilled in martial arts.

Final Attributes:
 You were piously aligned.
 You were sleep resistant.
 You were poison resistant.
 You saw invisible.
 You were warned.
 You were stealthy.
 You were guarded.
 Your spell casting was enhanced by wearing a robe.
 You were fast.
 You were very unlucky.
 You are dead.

Miscellaneous:
 You disabled loading and storing of bones levels.
 Total elapsed playing time was 44 minutes and 38 seconds.

Major events:
 Turn
    1: CyberFan the neutral male human Monk entered the dungeon
  761: attained the rank of Novice (level 3)
  904: entered the Gnomish Mines
 1797: was bestowed with Ogresmasher by Chih Sung-tzu
 2538: entered Sokoban
 2750: attained the rank of Initiate (level 6)
 2850: completed 1st Sokoban level
 3393: completed 2nd Sokoban level
 4015: completed 3rd Sokoban level
 4219: killed by a giant mimic

Spells:
 Name                 Level Category     Fail Retention
 confuse monster        1   enchantment    0%  76%-100%

Skills:
 Fighting Skills
   martial arts       [Skilled]
 Weapon Skills
   hammer             [Unskilled]
   quarterstaff       [Unskilled]
   spear              [Unskilled]
   crossbow           [Unskilled]
   shuriken           [Unskilled]
 Spellcasting Skills
   attack spells      [Unskilled]
   healing spells     [Basic]
   divination spells  [Unskilled]
   enchantment spells [Unskilled]
   clerical spells    [Unskilled]
   escape spells      [Unskilled]
   matter spells      [Unskilled]

Voluntary challenges:
 Character rerolling was not enabled.
 You followed a strict vegan diet.
 You never genocided any monsters.
 You never polymorphed an object.
 You never changed form.
 You used no wishes.
 You violated the special Sokoban rules 16 times.
Achievements:
 You entered a shop.
 You attained the rank of Novice.
 You entered the Gnomish Mines.
 You entered Sokoban.
 You attained the rank of Initiate.

 The Dungeons of Doom: levels 1 to 8
    Level 1:
    Level 2:
       A general store.
    Level 3:
       A fountain.
       Stairs down to The Gnomish Mines.
    Level 4:
       A wand shop.
    Level 5:
       Some altars, some fountains.
    Level 6:
       Many fountains.
    Level 7:
       Some altars.
       Stairs up to Sokoban, level 6.
    Level 8:
 The Gnomish Mines:
    Level 4:
 Sokoban: levels 6 up to 3
    Level 3: <- You were here.
       Unsolved.
       Final resting place for
          you, killed by a giant mimic.
    Level 4:
       Solved.
    Level 5:
       Solved.
    Level 6:
       Solved.


Vanquished creatures:
  a giant mimic
 an ettin zombie
  a chameleon
  a giant beetle
  a vampire bat
  a gnome ruler
  a dog
  a jaguar
  a white unicorn
  a black unicorn
  a Woodland-elf
  a bugbear
 an imp
  4 rock moles
  a yellow light
  a shrieker
  a violet fungus
  a kobold mummy
  a gray ooze
  a kitten
  a homunculus
  a kobold leader
  a hill orc
  a rothe
  a giant bat
  a monkey
  a dwarf zombie
  5 iguanas
  4 killer bees
  a coyote
  a gas spore
  a hobbit
  5 hobgoblins
  3 cave spiders
  2 brown molds
  2 yellow molds
  a red mold
  a gnome
  a garter snake
  2 geckos
  4 jackals
  a fox
  2 kobolds
  3 goblins
  5 sewer rats
  4 grid bugs
  3 lichens
  2 kobold zombies
  8 newts
91 creatures vanquished.

No species were genocided or became extinct.

Game over:
                       ----------
                      /          \
                     /    REST    \
                    /      IN      \
                   /     PEACE      \
                  /                  \
                  |     CyberFan     |
                  |      224 Au      |
                  |   killed by a    |
                  |   giant mimic    |
                  |                  |
                  |                  |
                  |       2026       |
                 *|     *  *  *      | *
        _________)/\\_//(\/(/\)/\//\/|_)_______

Goodbye CyberFan the Monk...

You died in Sokoban on dungeon level 3 with 4054 points,
and 224 pieces of gold, after 4219 moves.
You were level 7 with a maximum of 45 hit points when you died.

